Map: Prion Terraces

Players

Pokebunny - Winner!

  • Race: Terran Terran
  • League: Grandmaster

Grippe

  • Race: Zerg Zerg
  • League: Master

VOD

Have the link to the VOD?

Description

Time

  • Played on: April 6, 2016, 9:57 p.m.
  • Length: 9:57
Show
View Real Time Build Order
Export as new Build Order

Pokebunny Terran - Winner!

Build Orders: Reaper Expand, MMM Bio 

Get SALT Encoding   

  12  0:01  SCV  
  13  0:13  SCV  
  14  0:17  Supply Depot  
  14  0:25  SCV  
  15  0:39  SCV  
  15  0:40  Barracks  
  16  0:45  Refinery  
  16  0:51  SCV  
  17  1:03  SCV  
  18  1:15  SCV  
  19  1:27  Orbital Command  
  19  1:28  Reaper  
  20  1:39  Command Center  
  20  1:48  Supply Depot  
  20  1:52  SCV  
  21  2:01  Barracks Reactor  
  21  2:05  SCV  
  22  2:09  Barracks  
  22  2:15  Barracks  
  22  2:20  SCV  
  23  2:31  Refinery  
  23  2:32  SCV  
  24  2:40  Marine x2  
  26  2:44  SCV  
  27  2:52  Orbital Command  
  27  2:56  SCV  
  27  2:58  Marine x2  
  28  3:01  Barracks Tech Lab  
  29  3:06  Factory  
  29  3:11  SCV  
  30  3:13  Marine  
  31  3:20  Marine, SCV  
  31  3:21  Marine  
  31  3:26  Stimpack  
  34  3:27  Marine  
  34  3:32  Supply Depot  
  35  3:34  SCV x2  
  35  3:40  Marine  
  35  3:41  Marine  
  39  3:47  SCV x2  
  41  3:51  Starport  
  41  3:52  Factory Reactor  
  41  3:57  Engineering Bay, Supply Depot  
  41  3:58  Marine x2  
  41  4:02  SCV  
  44  4:03  SCV  
  44  4:09  Marine x2  
  47  4:14  SCV  
  47  4:15  SCV  
  47  4:16  Marine x2  
  51  4:31  Marine x2  
  51  4:34  Marine x2  
  51  4:36  Refinery  
  51  4:38  Supply Depot  
  50  4:49  Marine x2  
  50  4:52  Marine  
  48  5:00  Factory Tech Lab  
  48  5:01  Medivac x2  
  48  5:04  SCV  
  48  5:05  SCV  
  48  5:06  Barracks  
  54  5:07  Barracks  
  54  5:15  Barracks Reactor, Marine x3  
  54  5:18  SCV x2  
  54  5:20  Supply Depot  
  54  5:21  Siege Tank  
  62  5:29  Combat Shields  
  62  5:30  SCV x2  
  62  5:33  Marine x3  
  55  6:05  Marine, SCV  
  54  6:12  Supply Depot  
  54  6:14  Engineering Bay  
  54  6:17  Supply Depot  
  54  6:24  Marine x7, SCV  
  62  6:33  Siege Tank, SCV  
  62  6:36  SCV  
  64  6:42  Marine x4  
  64  6:43  Medivac x2  
  64  6:46  Terran Infantry Weapons Level 1  
  72  6:53  Supply Depot  
  72  6:56  Supply Depot, Engineering Bay, Marine x2  
  74  7:05  Marine x3  
  77  7:15  Siege Tank, Supply Depot  
  80  7:18  Supply Depot  
  80  7:26  Marine x2  
  80  7:29  Terran Infantry Armor Level 1  
  82  7:31  Marine x2  
  82  7:32  Marine x2  
  86  7:42  Marine  
  86  7:43  Marine  
  86  7:44  Marine  
  66  7:49  Marine, SCV x2  
  70  7:55  Marine  
  71  7:58  Marine x2  
  71  8:00  Marine, Command Center  
  74  8:07  Marine x3  
  74  8:11  SCV  
  74  8:12  Armory, SCV  
  79  8:21  Marine x2  
  79  8:22  Marine x2  
  79  8:24  Siege Tank  
  79  8:26  SCV  
  79  8:27  SCV  
  88  8:51  Marine x3  
  88  8:52  Marine x3  
  88  8:53  Medivac x2  
  95  8:56  Siege Tank  
  98  9:12  Marine  
  98  9:13  Orbital Command, Marine x3  
  98  9:16  Marine x3  
  101  9:30  Marine x2  
  103  9:34  Supply Depot  
  103  9:35  Supply Depot  
Show
View Real Time Build Order
Export as new Build Order

Grippe Zerg 

Build Orders: Hatch First, Muta Ling Bane 

Get SALT Encoding   

  12  0:00  Drone  
  13  0:08  Drone  
  14  0:17  Overlord  
  14  0:22  Extractor  
  14  0:23  Drone  
  15  0:35  Drone x2  
  17  0:51  Hatchery  
  17  0:54  Drone  
  17  0:57  Drone  
  18  1:09  Extractor  
  17  1:12  Spawning Pool  
  17  1:15  Drone  
  17  1:18  Drone  
  18  1:26  Drone  
  19  1:42  Overlord  
  19  1:59  Queen  
  19  2:00  Zergling x4  
  23  2:03  Queen  
  23  2:04  Zergling x2  
  26  2:11  Metabolic Boost  
  26  2:14  Drone x2  
  28  2:32  Drone x3  
  31  2:43  Drone  
  31  2:44  Overlord  
  31  2:49  Drone  
  31  2:56  Pneumatized Carapace  
  31  3:04  Drone x3  
  34  3:06  Hatchery  
  33  3:16  Drone x4  
  33  3:19  Baneling Nest  
  36  3:23  Zergling x2  
  36  3:24  Zergling x2, Evolution Chamber  
  37  3:28  Overlord  
  37  3:36  Zergling x6  
  40  3:44  Overlord  
  40  3:45  Zergling x6  
  40  3:46  Zergling x2  
  44  3:56  Zergling x6  
  44  3:58  Spine Crawler  
  44  4:01  Zergling x2  
  44  4:02  Zergling x2  
  48  4:11  Baneling x4  
  48  4:18  Zergling x2  
  48  4:19  Zergling x12  
  55  4:30  Queen  
  57  4:31  Zergling x2  
  57  4:32  Zergling x6  
  58  4:49  Zergling x2  
  58  4:50  Zergling x2  
  57  4:58  Overlord  
  57  4:59  Zergling x8  
  58  5:06  Baneling x6  
  57  5:07  Overlord  
  57  5:10  Zergling x2  
  57  5:13  Overlord  
  58  5:17  Zergling x14  
  65  5:25  Baneling x2  
  65  5:40  Zergling x18  
  68  5:55  Zergling x14  
  59  6:10  Zergling x14  
  65  6:16  Lair  
  65  6:19  Drone x3  
  65  6:24  Extractor  
  65  6:25  Extractor  
  66  6:26  Drone x2, Extractor  
  66  6:30  Drone  
  57  6:45  Drone x3  
  60  6:47  Overlord  
  60  6:48  Drone  
  60  6:49  Drone x2  
  60  6:50  Drone x3  
  60  6:52  Zergling x6  
  69  7:02  Zergling x6  
  72  7:12  Zergling x6  
  75  7:20  Zergling x18  
  82  7:22  Baneling  
  82  7:23  Baneling x2  
  80  7:32  Zergling x6  
  78  7:41  Zergling x6  
  72  7:49  Spire  
  71  7:54  Zergling x18  
  80  7:58  Drone  
  78  8:06  Centrifical Hooks  
  78  8:10  Drone  
  78  8:12  Overlord  
  79  8:13  Zergling x4  
  79  8:15  Baneling x12  
  79  8:19  Overlord  
  81  8:21  Overlord  
  80  8:38  Zergling x18  
  63  8:50  Zergling x18  
  65  8:58  Zergling x6  
  51  9:11  Mutalisk x2  
  54  9:19  Mutalisk x2  
  52  9:32  Mutalisk  
  52  9:33  Mutalisk x2  
Tags
 
Add a new tag
Caveats
  • Supply blocks, unpowered buildings, or Contaminate may cause inaccurate times.
  • Supply counts are checked every 10 seconds.